AoeStats
← KEIYILOK

Arabia

509922201Analyzed
1v1 RM · 4d ago on Sep 28, 2026· 46m 12s· 2 players
Game mode
Random Map
Map size
Tiny (2 player)
Population
200
Speed
Normal
Resources
Standard
Victory
Conquest
Starting age
Dark Age
Ending age
Imperial Age
RankedLock teamsTeams togetherTeam positionsShared explorationLock speedFull tech treeHidden civsTurbo modeCheats
Victory
Defeat
🇭🇰 Varangians · Hong Kong SAR China
1102
+15
🇩🇪 Slavs · Germany
1072
-15
Bodybuilder94
6:55 Loom
9:57 Feudal Age
10:26 Double-Bit Axe
20:10 Castle Age
17:55 Horse Collar
18:03 Man-at-Arms
20:39 Scale Mail Armor
20:50 Forging
20:28 Pikeman
21:26 Squires
22:18 Bow Saw
25:52 Heavy Plow
25:25 Man-at-Arms
26:16 Long Swordsman
31:35 Wheelbarrow
32:52 Scale Barding Armor
36:17 Chain Barding Armor
37:44 Bloodlines
37:35 Husbandry
37:50 Fletching
39:02 Bodkin Arrow
KEIYILOK
7:16 Loom
9:49 Feudal Age
10:31 Double-Bit Axe
12:56 Wheelbarrow
19:30 Castle Age
17:47 Gold Mining
17:40 Horse Collar
19:19 Fletching
20:21 Bow Saw
20:42 Fletching
21:42 Stone Mining
22:36 Bodkin Arrow
23:44 Husbandry
27:40 Hand Cart
28:33 Bloodlines
31:11 Heavy Plow
31:39 Padded Archer Armor
32:10 Ballistics
33:03 Stone Shaft Mining
35:20 Leather Archer Armor
34:56 Town Watch
41:05 Imperial Age
39:08 Squires
38:55 Gambesons
42:53 Two-Man Saw
41:17 Heavy Mounted Crossbowman
44:50 Chemistry
43:36 Cranequins
46:37 Bracer
Connection lost

Rejoining the realm…

Still unreachable

The connection could not be restored.

Session expired

The server has moved on; the page needs a fresh start.